 Dungeon Crawl Stone Soup version 0.31-a0-1300-gb6740aa4e6 (webtiles) character file.

Game seed: 13125626140456264186

1386 greenreed the Trooper (level 9, -1/68 (72) HPs)
             Began as a Formicid Fighter on Dec 18, 2023.
             Slain by a wight
             ... wielding a +4 scimitar of freezing
              (2 damage)
             ... on level 5 of the Dungeon.
             The game lasted 00:09:04 (3505 turns).

greenreed the Trooper (Formicid Fighter)            Turns: 3505, Time: 00:09:05

HP:   -1/68 (72)    AC:  8    Str: 25    XL:     9   Next: 0%
MP:   9/9           EV: 10    Int:  8    God:
Gold: 270           SH:  5    Dex: 13    Spells: 8/8 levels left

rFire   . . .        a - +0 war axe
rCold   + . .        c - +0 buckler
rNeg    . . .        j - +0 ring mail "Beos" {rElec rC+ Regen+}
rPois   .            (helmet unavailable)
rElec   +            (no cloak)
rCorr   .            g - +0 pair of gloves
SInv    +            l - +0 pair of boots
Will    .....        (no amulet)
Stlth   +            (no ring)
HPRegen 1.11/turn    (no ring)
MPRegen 0.11/turn

%: no passive effects
@: drained
A: permanent stasis, dig shafts and tunnels, antennae 3, four strong arms
a: Dig, Shaft Self


You were on level 5 of the Dungeon.
You visited 1 branch of the dungeon, and saw 6 of its levels.

You collected 270 gold pieces.

Inventory:

Hand Weapons
 a - a +0 war axe (weapon)
 o - a +1 whip of electrocution
 z - a +0 battleaxe
 C - a +2 antimagic whip
Missiles
 y - a throwing net
Armour
 c - a +0 buckler (worn)
 g - a +0 pair of gloves (worn)
 j - the +0 ring mail "Beos" (worn) {rElec rC+ Regen+}
   (You found it on level 2 of the Dungeon)

   rC+:       It protects you from cold.
   rElec:     It insulates you from electricity.
   Regen+:    It increases your rate of health regeneration.
 l - a +0 pair of boots (worn)
Jewellery
 n - a ring of willpower
 p - a ring of fire
 q - a +6 ring of dexterity
Scrolls
 e - 2 scrolls of poison {unknown}
 f - 2 scrolls of teleportation {unknown}
 h - a scroll of torment {unknown}
 i - 4 scrolls of identify {unknown}
 m - a scroll of revelation {unknown}
 r - a scroll of blinking {unknown}
 t - a scroll of enchant weapon {unknown}
 u - a scroll of vulnerability {unknown}
 A - a scroll of immolation {unknown}
Potions
 b - a potion of cancellation {unknown}
 d - a potion of might
 k - 2 potions of curing {unknown}
 s - a potion of degeneration {unknown}
 v - 2 potions of attraction {unknown}
 w - a potion of haste {unknown}
 x - a potion of enlightenment {unknown}
 B - a potion of heal wounds


   Skills:
 * Level 7.5 Fighting
 * Level 6.2 Axes
 + Level 5.5 Armour
 + Level 6.6 Shields


You had 8 spell levels left.
You didn't know any spells.
Your spell library contained the following spells:

 Spells                   Type           Power      Damage    Failure   Level
 Sandblast                Erth           0%         2d4       58%         1
 Slow                     Hex            0%         N/A       58%         1
 Passwall                 Tmut/Erth      0%         N/A       75%         2
 Confusing Touch          Hex            0%         N/A       92%         3
 Sigil of Binding         Hex            0%         N/A       92%         3
 Stone Arrow              Conj/Erth      0%         3d7       92%         3
 Vampiric Draining        Necr           0%         2d6       92%         3
 Brom's Barrelling Bould  Conj/Erth      0%         2d3       100%        4


Dungeon Overview and Level Annotations

Branches:
Dungeon (6/15)
 Temple: D:4-7

Altars:
Sif Muna
Zin

Shops:
D:6 (


Innate Abilities, Weirdness & Mutations

You cannot be hasted, slowed, berserked, paralysed or teleported.
You can dig through walls and to a lower floor.
You have a pair of large antennae on your head. (SInv)
Your four strong arms can wield two-handed weapons with a shield.


Message History

There is a stone staircase leading up, spattered with blood here.
The wight hits you but does no damage. The jelly hits you but does no damage.
You climb upwards.
There is a stone staircase leading down here.
You slash the jelly!
Your hands burn!
The jelly is severely wounded.
You hit the wight but do no damage. The wight closely misses you.
The jelly closely misses you.
You hit the jelly.
Your hands burn!
The jelly is almost dead.
You hit the wight but do no damage.
The wight hits you with a +4 scimitar of freezing!
The wight freezes you. The jelly hits you.
You are splashed with acid!
You slash the jelly!
You kill the jelly!
You closely miss the wight.
The wight hits you with a +4 scimitar of freezing!
You feel drained. The wight freezes you.
Your life force feels restored.
You have reached level 9!
Your experience leads to an increase in your attributes!
Increase (S)trength, (I)ntelligence, or (D)exterity?
You feel stronger. x2
You slash the wight!
The wight is almost destroyed.
The wight hits you with a +4 scimitar of freezing!
* * * LOW HITPOINT WARNING * * *
You feel drained.
* * * LOW HITPOINT WARNING * * *
The wight freezes you.
* * * LOW HITPOINT WARNING * * *
Unknown command.
You barely miss the wight.
The wight is almost destroyed.
The wight hits you with a +4 scimitar of freezing!
* * * LOW HITPOINT WARNING * * *
You feel drained.
* * * LOW HITPOINT WARNING * * *
The wight freezes you.
You die...

#....###.## ## ##....#
##.## ### .## ##..##.#
##.### ####.##
#.###..###.## #...##
#.....# ##....##
##.#####...#######....#
#...##
##............#..#####
#...#
#####.....##.....#
##...#
#######.[.######...#
#.#..# #....)>@z##
##.## ###.##
##..###..## ### ###
#..## ###### #.##
#..### ### #.### #..<.#
#.# #...#####....#
#.####..........###
##.....#####..### ###
#......## ##.## #.##


You could see a wight.

Vanquished Creatures
  A yak (D:5)
  A water moccasin (D:5)
  A black bear (D:4)
  An ogre (D:5)
  A phantom (D:5)
  A scorpion (D:5)
  A wight (D:5)
  A howler monkey (D:6)
  3 hounds (D:5)
  4 jellies
  A sleepcap (D:4)
  3 iguanas
  2 gnoll boudas
  An orc wizard (D:4)
  4 adders
  20 gnolls
  A shadow imp (D:6)
  3 worms
  A dart slug (D:3)
  10 orcs
  10 endoplasms
  3 giant cockroaches (D:3)
  7 goblins
  7 hobgoblins
  4 quokkas
  9 ball pythons
  2 bats
  2 frilled lizards
  4 kobolds
  3 rats
112 creatures vanquished.

Notes
Turn   | Place    | Note
-------+----------+-------------------------------------------
     0 | D:1      | greenreed the Formicid Fighter began the quest for the Orb.
     0 | D:1      | Reached XP level 1. HP: 18/18 MP: 1/1
   123 | D:1      | Reached XP level 2. HP: 24/24 MP: 2/2
   547 | D:1      | Reached XP level 3. HP: 30/30 MP: 3/3
   629 | D:2      | Identified the +0 ring mail "Beos" {rElec rC+ Regen+}
   817 | D:2      | Reached skill level 4 in Fighting
   819 | D:2      | Reached XP level 4. HP: 37/37 MP: 4/4
  1229 | D:3      | Found a shimmering blue altar of Sif Muna.
  1315 | D:3      | Reached XP level 5. HP: 43/43 MP: 5/5
  1606 | D:4      | Noticed a black bear
  1613 | D:4      | Killed a black bear
  1614 | D:4      | Reached XP level 6. HP: 50/50 MP: 6/6
  1622 | D:4      | Reached skill level 5 in Fighting
  1622 | D:4      | Reached skill level 5 in Shields
  1674 | D:4      | Identified the +8 short sword of the Lurker {venom, rElec
                  | rN+}
  1844 | D:4      | Found a glowing silver altar of Zin.
  2114 | D:4      | Reached XP level 7. HP: 56/56 MP: 7/7
  2432 | D:5      | Entered Level 5 of the Dungeon
  2509 | D:5      | Reached skill level 6 in Fighting
  2513 | D:5      | Noticed a water moccasin
  2527 | D:5      | HP: 2/58 [water moccasin (2)]
  2533 | D:5      | Killed a water moccasin
  2534 | D:5      | Reached skill level 5 in Axes
  2535 | D:5      | HP: 2/58 [poisoned by a water moccasin]
  2540 | D:5      | HP: 2/58 [poisoned by a water moccasin]
  2572 | D:5      | Reached XP level 8. HP: 40/64 MP: 8/8
  2741 | D:5      | Reached skill level 5 in Armour
  3265 | D:6      | Noticed a yak
  3265 | D:6      | Noticed a yak
  3265 | D:6      | Noticed a yak
  3265 | D:6      | Noticed a yak
  3269 | D:6      | Noticed a gargoyle
  3283 | D:5      | Killed a yak
  3284 | D:5      | Reached skill level 7 in Fighting
  3352 | D:6      | Found Tamoi's Weapon Emporium.
  3504 | D:5      | Reached XP level 9. HP: 28/72 MP: 9/9
  3505 | D:5      | HP: 1/68 [wight/+4 scimitar of freezing (5)]
  3505 | D:5      | Slain by a wight

Illustrated notes

Levels and vault maps discovered:
D:1:      onia_arrival_pyramid, layout_loops_ring
D:2:      layout_basic
D:3:      layout_rooms, nicolae_overflow_hidden_temple
D:4:      layout_loops_ring, kennysheep_little_box, minmay_misc_feat_nine_boxes,
          minmay_quadrilaterals
D:5:      layout_layer_cave
D:6:      layout_cave_pools, worldfamousw_hep_ancestral_shrine,
          ashenzari_conservatory_becter, nemelex_diamond_rough_becter,
          lemuel_temple_firewalk_b, serial_shops, shop, uniq_maggie

Skill      XL: |  1  2  3  4  5  6  7  8 |
---------------+-------------------------+-----
Fighting       | 4 5 6 7 |  7.5
Axes           | 3 4 5 6 |  6.2
Armour         | 4 5 |  5.5
Shields        | 5 6 |  6.6

Action                     |  1- 3 |  4- 6 |  7- 9 || total
---------------------------+-------+-------+-------++-------
  Melee: War axe           |    42 |   141 |   144 ||   327
         Whip              |       |       |    19 ||    19
    Use: Potion            |       |       |     1 ||     1
 Armour: Scale mail        |     8 |       |       ||     8
         Ring mail         |     9 |   109 |   125 ||   243
  Dodge: Dodged            |    15 |    96 |    94 ||   205
  Block: Buckler           |     6 |    36 |    56 ||    98

Table legend: (Time is in decaauts)
 A = Elapsed time spent in this place.
 B = Non-inter-level travel time spent in this place.
 C = Inter-level travel time spent in this place.
 D = Time resting spent in this place.
 E = Time spent auto-exploring this place.
 F = Levels seen in this place.
 G = Mean time per level.
                   A        B        C        D        E       F      G
               +--------+--------+--------+--------+--------+-----+--------+
         Total |   3613 |   3379 |    234 |    115 |   2340 |   6 |  602.2 |
       Dungeon |   3613 |   3379 |    234 |    115 |   2340 |   6 |  602.2 |
               +--------+--------+--------+--------+--------+-----+--------+

Top non-repeatable levels by time:
     D:5: 1000 daAuts
     D:4: 971 daAuts
     D:2: 607 daAuts
     D:1: 582 daAuts
     D:3: 381 daAuts
     D:6: 69 daAuts
